 Dungeon Crawl Stone Soup version 0.25-a0-591-g2ad0d86 (webtiles) character file.

Game seed: 9571411295542640901, levelgen mode: deterministic

412 Scootsishere the Firebug (level 6, -4/47 HPs)
             Began as a Hill Orc Fire Elementalist on Mar 13, 2020.
             Was a Follower of Beogh.
             Slain by an orc priest
             ... wielding a +1 whip of electrocution
              (16 damage)
             ... on level 4 of the Dungeon.
             The game lasted 00:23:43 (3368 turns).

Scootsishere the Firebug (HOFE)                     Turns: 3368, Time: 00:23:49

Health: -4/47      AC:  9    Str: 12    XL:     6   Next: 90%
Magic:  7/10       EV: 12    Int: 16    God:    Beogh [*.....]
Gold:   96         SH:  0    Dex: 11    Spells: 6/11 levels left

rFire    . . .     SeeInvis .   p - +2 dagger (venom)
rCold    . . .     Gourm    .   (no shield)
rNeg     . . .     Faith    .   d - +3 leather armour
rPois    +         Spirit   .   g - +2 hat
rElec    .         Reflect  .   b - +0 cloak
rCorr    .         Harm     .   (no gloves)
MR       .....     Rnd*Rage +   (no boots)
Stlth    +.........             (no amulet)
HPRegen  0.15/turn              e - ring of poison resistance
MPRegen  0.12/turn              (no ring)

@: no status effects
A: berserk 1, evolution 1, MP-powered wands
a: Renounce Religion


You were on level 4 of the Dungeon.
You worshipped Beogh.
Beogh was aware of your devotion.
You were hungry.

You visited 1 branch of the dungeon, and saw 4 of its levels.

You collected 96 gold pieces.

Inventory:

Hand Weapons
 p - a +2 dagger of venom (weapon)
Armour
 b - a +0 cloak (worn)
 d - a +3 leather armour (worn)
 g - a +2 hat (worn)
Jewellery
 e - a ring of poison resistance (left hand)
Wands
 f - a wand of random effects (10)
 l - a wand of paralysis (9)
Scrolls
 a - a scroll of remove curse
 i - a scroll of amnesia {unknown}
 j - a scroll of enchant armour
 k - a scroll of fog {unknown}
Potions
 h - 2 potions of curing
 m - a potion of stabbing {unknown}
 o - a potion of haste
Comestibles
 c - 8 rations


   Skills:
 + Level 1.0 Fighting
 + Level 1.7 Short Blades
 + Level 1.4 Armour
 + Level 2.1 Dodging
 + Level 1.7 Stealth
 + Level 3.3 Spellcasting
 + Level 3.0 Conjurations
 + Level 4.5 Fire Magic
 + Level 0.4 Evocations


You had 6 spell levels left.
You knew the following spells:

 Your Spells              Type           Power        Failure   Level  Hunger
a - Foxfire               Conj/Fire      ##..         4%          1    None
b - Conjure Flame         Conj/Fire      ##......     14%         3    ###....
c - Magic Dart            Conj           ##..         6%          1    None

Your spell library contained the following spells:

 Spells                   Type           Power        Failure   Level  Hunger
 Inner Flame              Hex/Fire       #.......     26%         3    ###....
 Blink                    Tloc           N/A          34%         2    ##.....
 Call Imp                 Summ           #.......     34%         2    ##.....
 Slow                     Hex            #.......     34%         2    ##.....
 Mephitic Cloud           Conj/Pois/Air  #.......     41%         3    ###....
 Sticky Flame             Conj/Fire      ##......     43%         4    ####...
 Fireball                 Conj/Fire      ##........   80%         5    ######.


Dungeon Overview and Level Annotations

Branches:
Dungeon (4/15)             Temple (0/1) D:4

Altars:
Ashenzari
Nemelex Xobeh
Zin


Innate Abilities, Weirdness & Mutations

You tend to lose your temper in combat.
You evolve.
You expend magic power (3 MP) to strengthen your wands.


Message History

The orc wizard is heavily wounded.
The orc wizard closely misses you.
The orc priest calls down the wrath of Beogh upon you.
Beogh smites you!
* * * LOW HITPOINT WARNING * * *
The orc barely misses you.
You feel better. The orc hits you but does no damage.
You closely miss the orc wizard.
The orc wizard is almost dead.
The orc priest completely misses you.
The orc wizard hits you but does no damage.
The orc barely misses you.
You hit the orc wizard.
You kill the orc wizard!
Beogh accepts your kill.
Your Fighting skill increases to level 1!
The orc priest hits you but does no damage.
You are electrocuted!
You die...
Beogh appreciates the orc priest's killing of a heretic priest.

.. ..?#...# #. #..#...
####.##..... ## ...[..!....
... ......#.###...#
............. ..
#oo........# ...
#)@........#+ #...
#.......#.... .....
#####............ .....
...............≈≈ ≈≈...
...#####.....≈≈≈≈ ≈≈≈≈. ..
##..≈≈≈≈≈≈ ≈≈≈≈≈
...######.≈≈≈≈≈≈≈ ≈≈≈≈≈
........#.≈≈≈≈≈≈. .≈≈≈≈
#...........#.≈≈≈≈≈≈.>.≈≈≈≈


You could see an orc priest and an orc.

Vanquished Creatures
  An ogre (D:4)
  An orc priest (D:4)
  Crazy Yiuf (D:3)
  Jessica (D:2)
  3 orc wizards (D:4)
  A worker ant (D:4)
  5 adders
  2 oozes
  3 worms
  A dart slug (D:3)
  A leopard gecko (D:2)
  17 orcs
  13 bats
  2 giant cockroaches
  5 goblins
  4 hobgoblins
  A ball python (D:2)
  3 frilled lizards (D:3)
  7 kobolds
  A leopard gecko skeleton (D:4)
  A rat (D:1)
74 creatures vanquished.

Vanquished Creatures (others)
  173 foxfires
173 creatures vanquished.

Grand Total: 247 creatures vanquished

Notes
Turn   | Place    | Note
-------+----------+-------------------------------------------
     0 | D:1      | Scootsishere the Hill Orc Fire Elementalist began the quest
                  | for the Orb.
     0 | D:1      | Reached XP level 1. HP: 14/14 MP: 3/3
   174 | D:1      | Reached XP level 2. HP: 18/20 MP: 1/4
   518 | D:1      | Reached skill level 4 in Fire Magic
   518 | D:1      | Reached XP level 3. HP: 26/26 MP: 1/6
   737 | D:2      | Found a shattered altar of Ashenzari.
   831 | D:2      | Learned a level 3 spell: Conjure Flame
  1198 | D:2      | Found a glowing silver altar of Zin.
  1413 | D:2      | Noticed Jessica
  1435 | D:2      | Killed Jessica
  1435 | D:2      | Reached XP level 4. HP: 33/33 MP: 1/7
  1781 | D:2      | Reached skill level 1 in Short Blades
  2046 | D:3      | Became a worshipper of Beogh the Brigand
  2249 | D:3      | Reached XP level 5. HP: 26/39 MP: 1/8
  2258 | D:3      | Learned a level 1 spell: Magic Dart
  2498 | D:3      | Found a sparkling altar of Nemelex Xobeh.
  2623 | D:3      | Reached * piety under Beogh
  2634 | D:3      | Found a runed translucent door.
  2635 | D:3      | Noticed Crazy Yiuf
  2705 | D:3      | Gained mutation: You evolve. [potion of mutation]
  2705 | D:3      | Gained mutation: You tend to lose your temper in combat.
                  | [potion of mutation]
  2705 | D:3      | Gained mutation: You expend magic power (3 MP) to
                  | strengthen your wands. [potion of mutation]
  2712 | D:3      | Killed Crazy Yiuf
  3099 | D:4      | Found a staircase to the Ecumenical Temple.
  3119 | D:4      | Reached XP level 6. HP: 36/46 MP: 2/10
  3222 | D:4      | Reached skill level 1 in Armour
  3368 | D:4      | Reached skill level 1 in Fighting
  3368 | D:4      | Slain by an orc priest

Levels and vault maps discovered:
D:1:      dpeg_arrival_renting, layout_basic
D:2:      layout_basic, ashenzari_altar_1, zin_treasury, st_stairs_13,
          hex_medium, kennysheep_generic_room_13, uniq_jessica
D:3:      layout_loops_ring, first_ration, nemelex_dance_club_becter,
          uniq_crazy_yiuf_cottage
D:4:      layout_basic, temple_pool_b

Skill      XL: |  1  2  3  4  5  6 |
---------------+-------------------+-----
Spellcasting   | 2 3 |  3.3
Fire Magic     | 4 |  4.5
Short Blades   | 1 |  1.7
Dodging        | 2 |  2.1
Conjurations   | 2 3 |  3.0
Armour         | 1 |  1.4
Fighting       | 1 |  1.0
Stealth        | |  1.7
Evocations     | |  0.4

Action                   |  1- 3 |  4- 6 || total
-------------------------+-------+-------++-------
Melee: Dagger            |     4 |    64 ||    68
       Short sword       |    42 |    27 ||    69
 Cast: Foxfire           |    55 |    50 ||   105
       Conjure Flame     |     4 |     1 ||     5
       Magic Dart        |       |    27 ||    27
Invok: Convert to Beogh  |       |     1 ||     1
Evoke: Wand              |       |     6 ||     6
  Use: Scroll            |     2 |     5 ||     7
       Potion            |     1 |     6 ||     7
 Stab: Sleeping          |     1 |       ||     1
  Eat: Ration            |     1 |       ||     1
       Chunk             |       |     6 ||     6
Armor: Robe              |     2 |       ||     2
       Leather armour    |    11 |    63 ||    74
Dodge: Dodged            |    42 |    72 ||   114

Table legend:
 A = Non-vault XP
 B = Vault XP
 C = Vault XP percentage of total XP
 D = Non-vault monster count
 E = Vault monster count
 F = Vault count percentage of total count
                 A         B        C        D         E       F
            +---------+---------+-------+---------+---------+-------
      Total |     502 |      87 |  14.8 |      69 |       5 |   6.8
            +---------+---------+-------+---------+---------+-------
        D:1 |      36 |       0 |   0.0 |      18 |       0 |   0.0
        D:2 |      49 |      38 |  43.7 |      11 |       2 |  15.4
        D:3 |      89 |      49 |  35.5 |      25 |       3 |  10.7
        D:4 |     328 |       0 |   0.0 |      15 |       0 |   0.0
            +---------+---------+-------+---------+---------+-------
